 Dungeon Crawl Stone Soup version 0.27-a0-1287-gca74d27db6 (webtiles) character file.

Game seed: 3452459778900585941

121 Snikeer the Grasshopper (level 5, 0/43 HPs)
             Began as a Gnoll Warper on June 14, 2021.
             Was a Believer of Cheibriados.
             Slain by an orc (8 damage)
             ... on level 2 of the Dungeon.
             The game lasted 00:04:15 (3873 turns).

Snikeer the Grasshopper (Gnoll Warper)              Turns: 3873, Time: 00:04:16

Health: 0/43       AC:  4    Str: 15    XL:     5   Next: 5%
Magic:  12/12      EV: 13    Int: 19    God:    Cheibriados [**....]
Gold:   55         SH:  0    Dex: 16    Spells: 3/14 levels left

rFire    . . .     SeeInvis .   a - +0 falchion
rCold    . . .     Faith    .   (no shield)
rNeg     . . .     Spirit   .   b - +0 leather armour
rPois    .         Reflect  .   m - +0 helmet
rElec    .         Harm     .   (no cloak)
rCorr    .         Rampage  .   (no gloves)
Will     .....                  (no boots)
Stlth    ++........             (no amulet)
HPRegen  0.14/turn              (no ring)
MPRegen  0.13/turn              (no ring)

@: very slow
A: fangs 1, strong nose, distributed training
a: Renounce Religion, Bend Time


You were on level 2 of the Dungeon.
You worshipped Cheibriados.
Cheibriados was pleased with you.
You visited 1 branch of the dungeon, and saw 3 of its levels.

You collected 55 gold pieces.

Inventory:

Hand Weapons
 a - a +0 falchion (weapon)
Missiles
 d - 16 sling bullets
 e - 5 boomerangs of dispersal {=f}
 h - 12 bolts
 o - 17 arrows
 s - 57 stones (quivered)
Armour
 b - a +0 leather armour (worn)
 m - a +0 helmet (worn)
   (You took it off Robin on level 2 of the Dungeon)
Scrolls
 c - a scroll of fear {unknown}
 f - a scroll of enchant armour {unknown}
 i - a scroll of identify {unknown}
 l - a scroll of silence {unknown}
 n - 2 scrolls of vulnerability {unknown}
 p - a scroll of fog {unknown}
 D - a scroll of blinking {!r}
Potions
 g - 3 potions of flight {unknown}
 j - 2 potions of curing {unknown}
 k - a potion of magic {unknown}


   Skills:
 + Level 4.7 Fighting
 + Level 1.3 Short Blades
 + Level 4.7 Long Blades
 + Level 1.3 Axes
 + Level 1.3 Maces & Flails
 + Level 1.3 Polearms
 + Level 1.3 Staves
 + Level 1.3 Slings
 + Level 1.3 Bows
 + Level 1.3 Crossbows
 + Level 2.9 Throwing
 + Level 2.9 Armour
 + Level 4.7 Dodging
 + Level 1.3 Stealth
 + Level 1.3 Shields
 + Level 1.3 Unarmed Combat
 + Level 5.1 Spellcasting
 + Level 1.1 Conjurations
 + Level 1.1 Hexes
 + Level 1.1 Summonings
 + Level 1.1 Necromancy
 + Level 5.5 Translocations
 + Level 1.1 Transmutations
 + Level 1.1 Fire Magic
 + Level 1.1 Ice Magic
 + Level 1.1 Air Magic
 + Level 1.1 Earth Magic
 + Level 1.1 Poison Magic
 + Level 1.5 Invocations
 + Level 1.3 Evocations


You had 3 spell levels left.
You knew the following spells:

 Your Spells              Type           Power      Damage    Failure   Level
a - Gell's Gravitas       Tloc           12%        N/A       4%          3
b - Blink                 Tloc           N/A        N/A       2%          2
c - Lesser Beckoning      Tloc           12%        N/A       4%          3
d - Teleport Other        Tloc           25%        N/A       4%          3

Your spell library contained the following spells:

 Spells                   Type           Power      Damage    Failure   Level
 Manifold Assault         Tloc           25%        N/A       41%         5


Dungeon Overview and Level Annotations

Branches:
Dungeon (3/15)

Altars:
Cheibriados

Shops:
D:2 ?*


Innate Abilities, Weirdness & Mutations

You have very sharp teeth.
Your uncanny sense of smell can sniff out nearby items.
Your experience applies equally to all skills.


Message History

Press: ? - help, Dir - move target, f - worm
Aim: a worm Gravity reorients around the worm.
The jackal collides with the jackal!
The jackal collides with the worm!
Cheibriados thoroughly appreciates the change of pace.
The jackal bites you. The bat misses you.
You riposte.
You hit the bat.
Cheibriados thoroughly appreciates the change of pace.
The goblin hits you with a +0 club. The jackal barely misses you.
You riposte.
You hit the jackal.
You take 3 damage, and have 33/38 hp.
You now have 5/11 mp.
Casting: Gell's Gravitas (dangerous; 4% risk of failure)
Confirm with . or Enter, or press ? or * to list all spells.
Aiming: Gell's Gravitas (dangerous; 4% risk of failure)
Press: ? - help, Dir - move target, p - worm Gravity reorients around empty space.
The worm collides with the jackal!
Cheibriados thoroughly appreciates the change of pace.
The goblin misses you.
You riposte.
You barely miss the goblin.
The jackal bites you but does no damage.
You now have 2/11 mp.
You hit the jackal.
Cheibriados thoroughly appreciates the change of pace.
The goblin closely misses you. The orc hits you with a +0 short sword.
You take 3 damage, and have 30/38 hp.
The goblin closely misses you.
You riposte.
You closely miss the goblin. The rat closely misses you.
The orc barely misses you.
You climb upwards.
There is a stone staircase leading down here.
Casting: Gell's Gravitas (dangerous; 4% risk of failure)
Confirm with . or Enter, or press ? or * to list all spells.
You don't have enough magic to cast this spell.
You hit the goblin.
Cheibriados appreciates the change of pace.
The orc closely misses you. The worm bites you but does no damage.
You have reached level 5!
You regained 4 hp, and now have 34/43 hp.
The orc hits you with a +0 short sword. The worm misses you.
Things that are here:
a +0 club; a goblin corpse You take 4 damage, and have 30/43 hp.
The orc hits you but does no damage.
Casting: Gell's Gravitas (dangerous; 4% risk of failure)
Confirm with . or Enter, or press ? or * to list all spells.
Aiming: Gell's Gravitas (dangerous; 4% risk of failure)
Press: ? - help, Dir - move target, f - orc
Aim: an orc, wielding a +0 short sword and wearing a +0 ring mail Gravity reorients around the orc.
The worm collides with the orc!
The rat collides with the orc!
The orc barely misses you.
You riposte.
You hit the orc. You bite the orc, but do no damage.
You now have 0/12 mp.
You hit the orc.
Cheibriados appreciates the change of pace.
You closely miss the rat. The rat completely misses you.
You hit the rat.
Cheibriados appreciates the change of pace.
You hit the worm. You hit the worm. The worm closely misses you.
You slash the worm! The worm bites you.
You take 4 damage, and have 28/43 hp.
You completely miss the worm. You hit the worm.
You bite the worm, but do no damage. The worm completely misses you.
You hit the worm.
Items here: )) [ †††.
There is a stone staircase leading down here.
Magic restored.
HP restored.
Done exploring.
Health restored: 43; MP restored: 12 You climb downwards.
The orc hits you with a +5 short sword of protection!
There is a stone staircase leading up, spattered with blood here.
You take 7 damage, and have 36/43 hp.
You hit the orc. The orc hits you but does no damage.
You closely miss the orc.
The orc hits you with a +5 short sword of protection.
You take 3 damage, and have 33/43 hp.
You barely miss the orc.
The orc hits you with a +5 short sword of protection!
The orc wizard points at you and mumbles some strange words.
You resist with some effort.
You take 11 damage, and have 22/43 hp.
MASSIVE DAMAGE!!
You are too injured to fight recklessly!
You are too injured to fight recklessly!
The orc hits you with a +5 short sword of protection!
You climb upwards.
There is a stone staircase leading down here.
You take 6 damage, and have 16/43 hp.
You hit the orc.
The orc hits you with a +5 short sword of protection.
* * * LOW HITPOINT WARNING * * *
You take 6 damage, and have 10/43 hp.
You hit the orc but do no damage. The orc hits you but does no damage.
You barely miss the orc.
The orc hits you with a +5 short sword of protection.
* * * LOW HITPOINT WARNING * * *
The orc closely misses you.
You take 2 damage, and have 8/43 hp.
You hit the orc but do no damage.
The orc hits you with a +5 short sword of protection!
You die...

######## ####### #......# #.....#
#......# #.....#
########......######.....########
#.....#.........@o..........≈≈8≈≈
#.###.#.......##[###.....##..≈≈≈.
.⌠#.#.#.########.# ##............
∩†#.#.#.# #####.####..........##
.⌠..#.#.# #................)....
###.#.#.####.......##.......#....
....#......#.......##.......##...
#######.#..#.......##.......##.).
..# #.##8#.......##.......##.##


You could see an orc.

Vanquished Creatures
  Robin (D:2)
  2 adders (D:2)
  2 worms (D:2)
  A dart slug (D:1)
  2 orcs (D:2)
  5 ball pythons
  4 endoplasms
  2 giant cockroaches (D:2)
  12 goblins
  11 hobgoblins
  11 jackals
  2 quokkas (D:2)
  8 bats
  2 frilled lizards (D:1)
  3 kobolds (D:1)
  7 rats
75 creatures vanquished.

Notes
Turn   | Place    | Note
-------+----------+-------------------------------------------
     0 | D:1      | Snikeer the Gnoll Warper began the quest for the Orb.
     0 | D:1      | Reached XP level 1. HP: 20/20 MP: 6/6
   371 | D:1      | Reached XP level 2. HP: 21/26 MP: 7/7
  1117 | D:1      | Reached skill level 5 in Spellcasting
  1117 | D:1      | Reached XP level 3. HP: 25/31 MP: 7/9
  1271 | D:1      | Found a faded altar of an unknown god.
  1873 | D:1      | Became a worshipper of Cheibriados the Contemplative
  1873 | D:1      | Reached * piety under Cheibriados
  2008 | D:2      | Reached skill level 1 in Invocations
  2179 | D:2      | Learned a level 2 spell: Blink
  2183 | D:2      | Learned a level 3 spell: Gell's Gravitas
  2187 | D:2      | Learned a level 3 spell: Lesser Beckoning
  2191 | D:2      | Learned a level 3 spell: Teleport Other
  2205 | D:2      | Noticed Robin
  2208 | D:2      | Reached skill level 1 in Short Blades
  2208 | D:2      | Reached skill level 1 in Axes
  2208 | D:2      | Reached skill level 1 in Maces & Flails
  2208 | D:2      | Reached skill level 1 in Polearms
  2208 | D:2      | Reached skill level 1 in Staves
  2208 | D:2      | Reached skill level 1 in Slings
  2208 | D:2      | Reached skill level 1 in Bows
  2208 | D:2      | Reached skill level 1 in Crossbows
  2208 | D:2      | Reached skill level 1 in Stealth
  2208 | D:2      | Reached skill level 1 in Shields
  2208 | D:2      | Reached skill level 1 in Unarmed Combat
  2208 | D:2      | Reached skill level 1 in Evocations
  2215 | D:2      | Killed Robin
  2216 | D:2      | Reached XP level 4. HP: 15/38 MP: 1/11
  2717 | D:2      | Reached ** piety under Cheibriados
  2725 | D:2      | Reached skill level 1 in Conjurations
  2725 | D:2      | Reached skill level 1 in Hexes
  2725 | D:2      | Reached skill level 1 in Summonings
  2725 | D:2      | Reached skill level 1 in Necromancy
  2725 | D:2      | Reached skill level 1 in Transmutations
  2725 | D:2      | Reached skill level 1 in Fire Magic
  2725 | D:2      | Reached skill level 1 in Ice Magic
  2725 | D:2      | Reached skill level 1 in Air Magic
  2725 | D:2      | Reached skill level 1 in Earth Magic
  2725 | D:2      | Reached skill level 1 in Poison Magic
  2881 | D:2      | Found Liacev's General Store.
  2905 | D:2      | Found Uluoc's Magic Scroll Boutique.
  3749 | D:2      | Reached XP level 5. HP: 34/43 MP: 2/12
  3870 | D:2      | HP: 10/43 [orc (6)]
  3873 | D:2      | Slain by an orc

Illustrated notes

Levels and vault maps discovered:
D:1:      nzn_arrival_depleted_hourglass, layout_basic,
          shapermc_ecumenical_altar_totnotflames, wad_floor_pattern_1,
          chequers_serial_rivers_micro_a
D:2:      layout_basic, serial_shops, nicolae_shop_statue_plus, shop_fountains,
          chequers_serial_rivers_small_a, moated_statue, uniq_robin
D:3:      layout_loops_ring, lemuel_coloured_pillars_altar, minivault_26,
          grunt_ministairs_1

Skill      XL: |  1  2  3  4 |
---------------+-------------+-----
Spellcasting   | 5 |  5.1
Invocations    | 1 |  1.5
Short Blades   | 1 |  1.3
Axes           | 1 |  1.3
Maces & Flails | 1 |  1.3
Polearms       | 1 |  1.3
Staves         | 1 |  1.3
Slings         | 1 |  1.3
Bows           | 1 |  1.3
Crossbows      | 1 |  1.3
Stealth        | 1 |  1.3
Shields        | 1 |  1.3
Unarmed Combat | 1 |  1.3
Evocations     | 1 |  1.3
Conjurations   | 1 |  1.1
Hexes          | 1 |  1.1
Summonings     | 1 |  1.1
Necromancy     | 1 |  1.1
Transmutations | 1 |  1.1
Fire Magic     | 1 |  1.1
Ice Magic      | 1 |  1.1
Air Magic      | 1 |  1.1
Earth Magic    | 1 |  1.1
Poison Magic   | 1 |  1.1
Fighting       | |  4.7
Long Blades    | |  4.7
Throwing       | |  2.9
Armour         | |  2.9
Dodging        | |  4.7
Translocations | |  5.5

Action                   |  1- 3 |  4- 6 || total
-------------------------+-------+-------++-------
Melee: Falchion          |   108 |    89 ||   197
       Bite              |    14 |    11 ||    25
 Cast: Gell's Gravitas   |     3 |     5 ||     8
 Stab: Sleeping          |       |     3 ||     3
Armor: Leather armour    |    23 |    27 ||    50
Dodge: Dodged            |    79 |    88 ||   167
       Rpst.: Falchion   |    27 |    27 ||    54

Table legend: (Time is in decaauts)
 A = Elapsed time spent in this place.
 B = Non-inter-level travel time spent in this place.
 C = Inter-level travel time spent in this place.
 D = Time resting spent in this place.
 E = Time spent auto-exploring this place.
 F = Levels seen in this place.
 G = Mean time per level.
                   A        B        C        D        E       F      G
               +--------+--------+--------+--------+--------+-----+--------+
         Total |   4331 |   3930 |    401 |      0 |   3476 |   3 | 1443.7 |
       Dungeon |   4331 |   3930 |    401 |      0 |   3476 |   3 | 1443.7 |
               +--------+--------+--------+--------+--------+-----+--------+

Top non-repeatable levels by time:
     D:2: 2277 daAuts
     D:1: 2037 daAuts
     D:3: 17 daAuts

Table legend:
 A = Kills in this place as a percentage of kills in entire the game.
 B = Kills by you in this place as a percentage of kills by you in the entire game.
 C = Kills by friends in this place as a percentage of kills by friends in the entire game.
 D = Other kills in this place as a percentage of other kills in the entire game.
 E = Experience gained in this place as a percentage of experience gained in the entire game.
 F = Experience gained in this place divided by the number of levels of this place that you have seen.
                   A       B       C       D       E      F
               +-------+-------+-------+-------+-------+----------------------
         Total | 100.0 | 100.0 |   N/A |   N/A | 100.0 |  58.0
       Dungeon | 100.0 | 100.0 |   N/A |   N/A | 100.0 |  58.0
               +-------+-------+-------+-------+-------+----------------------
